[Event "December 12 Early 2023"]
[Site "https://www.chess.com"]
[Date "2023.12.12"]
[Round "3"]
[White "Recuero Guerra, Javier"]
[Black "Agibileg, Uurtsaikh"]
[Result "0-1"]
[Board "95"]
[TimeControl "180+1"]
[WhiteFideId "2254085"]
[BlackFideId "4901606"]
[WhiteElo "2465"]
[BlackElo "2646"]
[WhiteTeam "ESP"]
[BlackTeam "MGL"]
[WhiteClock "0:00:09"]
[BlackClock "0:01:36"]

1. Nf3 Nf6 2. g3 c5 3. c4 e6 4. Bg2 d5 5. cxd5 exd5 6. d4 Nc6 7. Nc3 c4 8. O-O Be7 9. Bf4 O-O 10. Rc1 h6 11. Ne5 Be6 12. e4 dxe4 13. Nxc6 bxc6 14. Nxe4 Nxe4 15. Bxe4 Bd5 16. Re1 Bf6 17. Be5 Re8 18. f4 Be7 19. Bxg7 Bxe4 20. Rxe4 Kxg7 21. Qg4+ Kh8 22. Rce1 Rg8 23. Qh5 Bf8 24. Qxf7 Qd5 25. Qb7 Bg7 26. Re7 Bxd4+ 27. Kf1 Qf3# 0-1

[Event "December 12 Early 2023"]
[Site "https://www.chess.com"]
[Date "2023.12.12"]
[Round "3"]
[White "Boyer, Mahel"]
[Black "Liu, Casper"]
[Result "1-0"]
[Board "96"]
[TimeControl "180+1"]
[WhiteFideId "45102422"]
[BlackFideId "1454153"]
[WhiteElo "2646"]
[BlackElo "2458"]
[WhiteTeam "FRA"]
[BlackTeam "DEN"]
[WhiteClock "0:00:48"]
[BlackClock "0:00:35"]

1. e4 c6 2. c4 d5 3. cxd5 cxd5 4. exd5 Nf6 5. Nc3 Nxd5 6. Nf3 g6 7. Bc4 Nxc3 8. Qb3 Nd5 9. Bxd5 e6 10. Bxb7 Bxb7 11. Qxb7 Nd7 12. O-O Bg7 13. d4 O-O 14. Bf4 Nb6 15. Rac1 Nd5 16. Bg3 Qa5 17. a3 h6 18. h4 Qa4 19. Rc6 a5 20. Bd6 Rfd8 21. Ne5 Bxe5 22. Bxe5 Ra7 23. Rc8 1-0

[Event "December 12 Early 2023"]
[Site "https://www.chess.com"]
[Date "2023.12.12"]
[Round "3"]
[White "Omelja, Artem"]
[Black "Horcajuelo Rocamora, Martin"]
[Result "1-0"]
[Board "97"]
[TimeControl "180+1"]
[WhiteFideId "14119846"]
[BlackFideId "24573027"]
[WhiteElo "2640"]
[BlackElo "2454"]
[WhiteTeam "UKR"]
[BlackTeam "ESP"]
[WhiteClock "0:00:19"]
[BlackClock "0:00:09"]

1. d4 Nf6 2. c4 c5 3. d5 b5 4. cxb5 a6 5. Nc3 axb5 6. e4 b4 7. Nb5 d6 8. a4 g6 9. Bd3 Bg7 10. Qc2 O-O 11. Nf3 Na6 12. O-O Nc7 13. Rb1 Ba6 14. Nxc7 Bxd3 15. Qxd3 Qxc7 16. b3 c4 17. bxc4 Rxa4 18. Nd4 Nd7 19. Nc6 Ne5 20. Qb3 Rfa8 21. Nxe5 Bxe5 22. Be3 Bc3 23. c5 dxc5 24. Qc4 R8a5 25. Rfd1 Qe5 26. f4 Qf6 27. e5 Qf5 28. Bxc5 Qc2 29. Bxe7 Bd4+ 30. Qxd4 Ra2 31. Qd2 Qxd2 32. Rxd2 Rxd2 33. Bxb4 Rb5 34. Bxd2 Rxb1+ 35. Kf2 Kf8 36. Kf3 Ke8 37. Ke4 Kd7 38. f5 Rg1 39. g3 Rg2 40. e6+ fxe6 41. fxe6+ Ke8 42. Bg5 Rxh2 43. d6 Re2+ 44. Kd5 1-0

[Event "December 12 Early 2023"]
[Site "https://www.chess.com"]
[Date "2023.12.12"]
[Round "3"]
[White "Golubev, Mikhail"]
[Black "Foerster-Yialamas, Lucas"]
[Result "1-0"]
[Board "98"]
[TimeControl "180+1"]
[WhiteFideId "14100983"]
[BlackFideId "30901774"]
[WhiteElo "2639"]
[BlackElo "2453"]
[WhiteTeam "UKR"]
[BlackTeam "GER"]
[WhiteClock "0:00:22"]
[BlackClock "0:00:05"]

1. e4 e5 2. Nf3 Nc6 3. Bc4 Nf6 4. Ng5 d5 5. exd5 Na5 6. Bb5+ c6 7. dxc6 bxc6 8. Bd3 Ng4 9. Nh3 Bc5 10. O-O O-O 11. Be2 f5 12. d3 h6 13. c3 Nb7 14. Na3 Be6 15. Nc2 Qh4 16. d4 Bb6 17. dxe5 Rad8 18. Qe1 Bd5 19. Bxg4 fxg4 20. Nf4 Bc4 21. Ng6 Bxf2+ 22. Rxf2 Qxf2+ 23. Qxf2 Rd1+ 24. Ne1 Rxf2 25. Kxf2 Nc5 26. b3 Bf7 27. Nf4 Ne4+ 28. Ke3 Nxc3 29. Nfd3 Nd5+ 30. Ke2 Nc3+ 31. Kf2 Nd5 32. Bb2 Rxa1 33. Bxa1 Bg6 34. Bd4 Kf7 35. Nc5 Nb4 36. a3 Nd5 37. Ned3 Bxd3 38. Nxd3 Ke6 39. Kg3 h5 40. Nf4+ Kf5 41. Nxd5 cxd5 42. Bb2 g5 43. Kf2 h4 44. g3 h3 45. Ke3 Ke6 46. Kd4 a6 47. Bc3 Kf5 48. b4 a5 49. bxa5 Ke6 50. a6 Kd7 51. a7 Kc7 52. a8=Q Kb6 53. Qxd5 Kc7 54. Qd6+ Kb7 55. e6 Kc8 56. e7 Kb7 57. e8=Q Ka7 58. Qeb8# 1-0

[Event "December 12 Early 2023"]
[Site "https://www.chess.com"]
[Date "2023.12.12"]
[Round "3"]
[White "Yeritsyaan"]
[Black "Renjith, Sravan"]
[Result "0-1"]
[Board "99"]
[TimeControl "180+1"]
[BlackFideId "4306783"]
[WhiteElo "2453"]
[BlackElo "2636"]
[BlackTeam "NZL"]
[WhiteClock "0:00:27"]
[BlackClock "0:00:04"]

1. c4 e6 2. Nc3 d5 3. Nf3 c5 4. cxd5 exd5 5. d4 Nc6 6. g3 Nf6 7. Bg2 Be7 8. O-O O-O 9. b3 Ne4 10. Bb2 Bf6 11. Na4 b5 12. Nxc5 Nxc5 13. Rc1 Nxb3 14. Qxb3 Na5 15. Qxb5 Nc4 16. Ne5 Bxe5 17. dxe5 Be6 18. Bd4 a6 19. Qa4 Rb8 20. Rfd1 Qe7 21. e4 Rb4 22. Qxa6 dxe4 23. Bxe4 Nxe5 24. Bc5 Qxc5 25. Rxc5 Rxe4 26. Rc3 Re8 27. Qb5 Rf8 28. Re3 Rxe3 29. fxe3 f6 30. Qb6 Bxa2 31. Rd8 Bf7 32. Qd6 Ng6 33. h4 Rxd8 34. Qxd8+ Nf8 35. Kf2 h6 36. Qe7 h5 37. e4 Ng6 38. Ke3 Nxe7 0-1

[Event "December 12 Early 2023"]
[Site "https://www.chess.com"]
[Date "2023.12.12"]
[Round "3"]
[White "Khromkin, Andrey"]
[Black "Ovetchkin, Roman"]
[Result "0-1"]
[Board "100"]
[TimeControl "180+1"]
[WhiteFideId "4154126"]
[BlackFideId "4119991"]
[WhiteElo "2451"]
[BlackElo "2635"]
[WhiteTeam "RUS"]
[BlackTeam "RUS"]
[WhiteClock "0:00:00"]
[BlackClock "0:01:05"]

1. d4 Nf6 2. c4 c5 3. Nf3 cxd4 4. Nxd4 a6 5. Nc3 b6 6. e4 d6 7. g3 e6 8. Bg2 Ra7 9. O-O Rc7 10. Qe2 Bb7 11. Be3 Nbd7 12. Rac1 Be7 13. f4 Qa8 14. Bf2 O-O 15. b3 Rfc8 16. Nb1 b5 17. Nd2 g6 18. Rfe1 e5 19. Nc2 bxc4 20. Nxc4 exf4 21. gxf4 Nh5 22. Qe3 d5 23. exd5 Bc5 24. Nd4 Ndf6 25. Qd2 Bxd5 26. Bxd5 Qxd5 27. Re5 Qa8 28. Ne3 Bd6 29. Rxc7 Rxc7 30. Rxh5 Nxh5 31. Nef5 Bxf4 0-1

[Event "December 12 Early 2023"]
[Site "https://www.chess.com"]
[Date "2023.12.12"]
[Round "3"]
[White "Shevchuk, Olexandr"]
[Black "Thorfinnsson, Bjorn"]
[Result "1-0"]
[Board "101"]
[TimeControl "180+1"]
[WhiteFideId "14113775"]
[BlackFideId "2300982"]
[WhiteElo "2449"]
[BlackElo "2632"]
[WhiteTeam "UKR"]
[BlackTeam "ISL"]
[WhiteClock "0:00:08"]
[BlackClock "0:00:00"]

1. d4 d5 2. c4 e6 3. Nf3 Be7 4. g3 Nf6 5. Bg2 O-O 6. O-O b6 7. cxd5 exd5 8. Nc3 c6 9. Bf4 Bb7 10. Rc1 Re8 11. a3 Nbd7 12. b4 a6 13. Ne5 Nxe5 14. Bxe5 Nd7 15. Bf4 b5 16. Qb3 Nb6 17. a4 Bf6 18. Rfd1 bxa4 19. Qa2 Qe7 20. Rb1 a5 21. b5 c5 22. dxc5 Qxc5 23. Nxd5 Bd4 24. e3 Bxd5 25. Bxd5 Qxd5 26. Qd2 Rad8 27. Qxd4 Qxd4 28. Rxd4 Rxd4 29. exd4 a3 30. Bd2 Nc4 31. Bc3 Rb8 32. Kf1 Kf8 33. Ke2 a2 34. Ra1 Rxb5 35. Rxa2 Ke7 36. Kd3 Nb6 37. Rxa5 Rb1 38. Ra6 Nd5 39. Bd2 Rb3+ 40. Kc4 Rb2 41. Bg5+ Nf6 42. Bxf6+ gxf6 43. Kd5 Rxf2 44. Ra7+ Kf8 45. h4 Rf3 46. Ra8+ Ke7 47. Ra7+ Kf8 48. Ra8+ Kg7 49. Ke4 Rxg3 50. d5 Rg2 51. Kd4 Rd2+ 52. Kc5 f5 53. d6 Kf6 54. Re8 f4 55. Kc6 f3 56. Re3 f2 57. Rf3+ Ke5 58. d7 f5 59. Rxf2 Rd6+ 60. Kc7 Rd4 61. Re2+ Kf4 62. Re6 1-0

[Event "December 12 Early 2023"]
[Site "https://www.chess.com"]
[Date "2023.12.12"]
[Round "3"]
[White "JG-17"]
[Black "Rojas Alarcon, Julian Antonio"]
[Result "1-0"]
[Board "102"]
[TimeControl "180+1"]
[BlackFideId "5107407"]
[WhiteElo "2448"]
[BlackElo "2632"]
[BlackTeam "MEX"]
[WhiteClock "0:00:26"]
[BlackClock "0:00:14"]

1. d4 Nf6 2. c4 e6 3. Nc3 Bb4 4. Nf3 b6 5. e3 Bb7 6. Bd2 O-O 7. Bd3 Qe7 8. O-O d6 9. b3 Nbd7 10. Qc2 Bxc3 11. Bxc3 e5 12. Nd2 e4 13. Be2 a5 14. Rae1 Rfe8 15. d5 c6 16. dxc6 Bxc6 17. f3 Rac8 18. Nxe4 Nxe4 19. fxe4 Bxe4 20. Bd3 Nc5 21. Bxe4 Nxe4 22. Bd4 b5 23. Qd3 bxc4 24. bxc4 Rc6 25. Rf5 Qe6 26. Rxa5 Rxc4 27. Ra7 d5 28. a4 Nd6 29. Rf1 f6 30. Ra6 Qd7 31. Ra7 Qe6 32. Ra6 Qe4 33. Qxe4 Nxe4 34. Rb1 Re7 35. a5 h5 36. Ra8+ Kh7 37. a6 Rec7 38. h4 Rc1+ 39. Rxc1 Rxc1+ 40. Kh2 Nf2 41. a7 Rh1+ 42. Kg3 Ne4+ 43. Kf3 Rf1+ 44. Ke2 Rf2+ 45. Ke1 Ra2 46. Rb8 Nf2 47. a8=Q Nd3+ 48. Kf1 Rc2 49. Rh8+ Kg6 50. Qe8+ Kf5 51. Rxh5+ Kg4 52. Qg6# 1-0

[Event "December 12 Early 2023"]
[Site "https://www.chess.com"]
[Date "2023.12.12"]
[Round "3"]
[White "Kokoszczynski, Jan"]
[Black "Dilmukhametov, Artur"]
[Result "1-0"]
[Board "103"]
[TimeControl "180+1"]
[WhiteFideId "1174460"]
[BlackFideId "24179922"]
[WhiteElo "2631"]
[BlackElo "2444"]
[WhiteTeam "POL"]
[BlackTeam "RUS"]
[WhiteClock "0:00:23"]
[BlackClock "0:00:05"]

1. e4 c6 2. d4 d5 3. e5 Bf5 4. h4 h5 5. c4 e6 6. Nc3 Be7 7. Nf3 Bg4 8. Bg5 Nd7 9. cxd5 cxd5 10. Qd2 a6 11. Bd3 Rc8 12. Ne2 Qb6 13. a3 Bxg5 14. hxg5 Ne7 15. O-O Bf5 16. Rac1 O-O 17. Nf4 Bxd3 18. Nxd3 Nf5 19. Rxc8 Rxc8 20. Rc1 Rc4 21. Rxc4 dxc4 22. Nf4 h4 23. d5 Nc5 24. d6 Ne4 25. Qc2 Nc5 26. Qxc4 Nd7 27. g6 Qc6 28. gxf7+ Kxf7 29. Qxe6+ 1-0

[Event "December 12 Early 2023"]
[Site "https://www.chess.com"]
[Date "2023.12.12"]
[Round "3"]
[White "Dobrikov, Marco"]
[Black "Filipovic, Slobodan J"]
[Result "1-0"]
[Board "104"]
[TimeControl "180+1"]
[WhiteFideId "12950378"]
[BlackFideId "939633"]
[WhiteElo "2628"]
[BlackElo "2444"]
[WhiteTeam "GER"]
[BlackTeam "SRB"]
[WhiteClock "0:00:24"]
[BlackClock "0:00:00"]

1. c4 c5 2. Nc3 Nc6 3. g3 g6 4. Bg2 Bg7 5. h4 d6 6. h5 Bg4 7. hxg6 hxg6 8. Rxh8 Bxh8 9. d3 Qd7 10. Bd2 Nf6 11. Qa4 Bg7 12. Nf3 O-O-O 13. Ng5 Rf8 14. O-O-O Kb8 15. Bxc6 Qxc6 16. Qxc6 bxc6 17. f3 Be6 18. Rh1 Rh8 19. Rxh8+ Bxh8 20. Be3 Kc7 21. Kd2 a6 22. Na4 Nd7 23. g4 Bf6 24. Nxe6+ fxe6 25. Nc3 g5 26. Ne4 e5 27. Bxg5 d5 28. Bxf6 exf6 29. Nc3 Kd6 30. b3 Nf8 31. e3 Ne6 32. Ne2 Ng5 33. Ng1 Ne6 34. Ke2 d4 35. Nh3 Kc7 36. Nf2 Kd6 37. Ne4+ Ke7 38. Kf2 Kf7 39. Ng3 Ng5 40. f4 dxe3+ 41. Kxe3 exf4+ 42. Kxf4 Ne6+ 43. Ke3 Nd4 44. Ne4 Ne6 45. Nd2 Nd4 46. Nf3 Nc2+ 47. Kf4 Nb4 48. d4 Nxa2 49. dxc5 Nb4 50. Ke4 a5 51. Nd4 1-0

[Event "December 12 Early 2023"]
[Site "https://www.chess.com"]
[Date "2023.12.12"]
[Round "3"]
[White "Pourkashiyan, Atousa"]
[Black "Manukyan, Sargis A."]
[Result "1-0"]
[Board "105"]
[TimeControl "180+1"]
[WhiteFideId "12502014"]
[BlackFideId "13303970"]
[WhiteElo "2434"]
[BlackElo "2627"]
[WhiteTeam "USA"]
[BlackTeam "ARM"]
[WhiteClock "0:00:14"]
[BlackClock "0:00:13"]

1. e4 c5 2. Nf3 d6 3. d4 cxd4 4. Nxd4 Nf6 5. Nc3 g6 6. Be3 Bg7 7. f3 O-O 8. Qd2 Nc6 9. O-O-O d5 10. exd5 Nxd5 11. Nxc6 bxc6 12. Bd4 e5 13. Bc5 Be6 14. Bc4 Qh4 15. Bxd5 cxd5 16. Bxf8 Rxf8 17. Nxd5 Rb8 18. Kb1 Qa4 19. b3 Qa3 20. Qc1 Qc5 21. Qe3 Qa3 22. Qc1 Qa5 23. Qd2 Qd8 24. Nc3 Qc7 25. Ne4 Rc8 26. Rc1 Bf8 27. Rhd1 Ba3 28. Qh6 Qe7 29. Ng5 f6 30. Nxe6 Qxe6 31. Qd2 Bxc1 32. Kxc1 Qe7 33. Qd7 Qc5 34. Qe6+ Kg7 35. Rd7+ Kh6 36. Qh3+ Kg5 37. Qg4+ Kh6 38. Qh4# 1-0

[Event "December 12 Early 2023"]
[Site "https://www.chess.com"]
[Date "2023.12.12"]
[Round "3"]
[White "Antunez Soler, Luis"]
[Black "Dmitrenko, Viktor"]
[Result "0-1"]
[Board "106"]
[TimeControl "180+1"]
[WhiteFideId "3513335"]
[BlackFideId "14110270"]
[WhiteElo "2626"]
[BlackElo "2431"]
[WhiteTeam "CUB"]
[BlackTeam "UKR"]
[WhiteClock "0:00:00"]
[BlackClock "0:00:03"]

1. e4 e6 2. d4 d5 3. Nc3 Bb4 4. e5 Ne7 5. a3 Bxc3+ 6. bxc3 c5 7. h4 Qa5 8. Bd2 Qa4 9. Nf3 b6 10. h5 h6 11. Rh4 Nf5 12. Rf4 cxd4 13. cxd4 Ba6 14. g4 Ne7 15. Bb4 Nbc6 16. Bd6 Bxf1 17. Kxf1 Rc8 18. Qd2 Qc4+ 19. Kg2 Na5 20. Qb4 Nec6 21. Qb2 Nd8 22. Ne1 Ndb7 23. Bb4 Qe2 24. a4 Nc4 25. Qb3 Nba5 26. Bxa5 Nxa5 27. Qb4 Qc4 28. Qb2 O-O 29. Rd1 Qc3 30. Qb5 Rc4 31. Nf3 Qxc2 32. Rd2 Qb3 33. Qd7 Qxa4 34. Qe7 Nb3 35. Rd3 Qb4 36. Qxa7 Nc1 37. Re3 Rc2 38. g5 Ne2 39. Rg4 Kh7 40. gxh6 gxh6 41. Nh4 Qe1 0-1

[Event "December 12 Early 2023"]
[Site "https://www.chess.com"]
[Date "2023.12.12"]
[Round "3"]
[White "Kavyev, Ruslan"]
[Black "Goldin, Roman"]
[Result "0-1"]
[Board "107"]
[TimeControl "180+1"]
[WhiteFideId "34110981"]
[BlackFideId "2803860"]
[WhiteElo "2619"]
[BlackElo "2431"]
[WhiteTeam "RUS"]
[BlackTeam "ISR"]
[WhiteClock "0:00:47"]
[BlackClock "0:00:03"]

1. d4 Nf6 2. c4 Nc6 3. Nf3 e6 4. g3 Bb4+ 5. Bd2 Qe7 6. Bg2 Bxd2+ 7. Qxd2 Ne4 8. Qc2 Qb4+ 9. Nc3 Nxc3 10. Qxc3 Qxc3+ 11. bxc3 d6 12. Nd2 Bd7 13. Rb1 b6 14. c5 dxc5 15. dxc5 Ke7 16. e3 h5 17. h4 Rac8 18. Ke2 Na5 19. Rhc1 Bc6 20. Bxc6 Nxc6 21. Nb3 e5 22. c4 Nb4 23. a3 Na6 24. Rd1 Rhd8 25. Rxd8 Rxd8 26. cxb6 cxb6 27. c5 bxc5 28. Na5 Rd7 29. Nc4 f6 30. Rb2 Rc7 31. Rb1 Rd7 32. Rb2 g6 33. Rb5 Rc7 34. Kd3 Kd7 35. Kc3 Kc6 36. Rb1 Kd7 37. Rd1+ Ke7 38. e4 Nb8 39. Ne3 Rb7 40. Nd5+ Ke6 41. Kc4 Nc6 42. Kxc5 Nd4 43. Rd3 a5 44. f4 a4 45. Rd2 Rb5+ 46. Kc4 Rb3 47. fxe5 fxe5 48. Rf2 Rxa3 49. Rf6+ Kd7 50. Rxg6 Ra2 51. Ra6 Rc2+ 52. Kd3 Rg2 53. Rxa4 Rxg3+ 54. Kc4 Rg4 55. Nf6+ Ke6 56. Nxg4 hxg4 57. Ra6+ Kf7 58. Kd5 g3 59. Ra3 Ne2 60. Re3 g2 61. Rxe2 g1=Q 62. Kxe5 Qg3+ 63. Kd4 Ke6 64. Ra2 Qg1+ 65. Kc3 Qe1+ 66. Kd3 Qd1+ 67. Rd2 Qb3+ 68. Ke2 Ke5 69. Rd3 Qc2+ 70. Rd2 Qc4+ 71. Kf2 Qc3 72. Re2 Kf4 73. e5 Qf3+ 74. Ke1 Qc3+ 75. Kd1 Kf3 76. Rd2 Ke3 77. Re2+ Kd3 78. Ra2 Qb3+ 79. Ke1 Qxa2 0-1

[Event "December 12 Early 2023"]
[Site "https://www.chess.com"]
[Date "2023.12.12"]
[Round "3"]
[White "Hoffmann, Asa"]
[Black "Jia, Haoxiang"]
[Result "0-1"]
[Board "108"]
[TimeControl "180+1"]
[WhiteFideId "2001470"]
[BlackFideId "8602999"]
[WhiteElo "2428"]
[BlackElo "2617"]
[WhiteTeam "USA"]
[BlackTeam "CHN"]
[WhiteClock "0:00:23"]
[BlackClock "0:00:22"]

1. d4 Nf6 2. Bg5 g6 3. Nc3 Bg7 4. e4 d6 5. f3 c6 6. Qd2 b5 7. O-O-O Nbd7 8. Kb1 Nb6 9. h4 h5 10. Nh3 b4 11. Ne2 a5 12. Nc1 Qc7 13. Be2 Na4 14. Nd3 c5 15. dxc5 dxc5 16. Ne5 O-O 17. Bf4 Nxe4 18. fxe4 Bxe5 19. Bb5 Nxb2 20. Bxe5 Qxe5 21. Qd5 Qb8 22. Kxb2 Be6 23. Qxc5 Rc8 24. Bc6 Ra6 25. Qb5 Raxc6 26. Qxb8 Rxb8 27. Rd2 a4 28. Nf4 b3 29. cxb3 axb3 30. a4 Ra6 31. Nxe6 Rxe6 32. Ra1 Rxe4 33. a5 Ra8 34. a6 Ra7 35. Rd3 Re6 36. Rxb3 Rexa6 37. Rxa6 Rxa6 38. Rb7 e6 39. Kc3 Ra4 40. g3 Ra3+ 41. Kd4 Rxg3 42. Ke5 Kg7 0-1

[Event "December 12 Early 2023"]
[Site "https://www.chess.com"]
[Date "2023.12.12"]
[Round "3"]
[White "Porozhnyak, Maya"]
[Black "Borgaonkar Akshay"]
[Result "0-1"]
[Board "109"]
[TimeControl "180+1"]
[WhiteFideId "34115843"]
[BlackFideId "25639110"]
[WhiteElo "2423"]
[BlackElo "2617"]
[WhiteTeam "RUS"]
[BlackTeam "IND"]
[WhiteClock "0:00:25"]
[BlackClock "0:00:17"]

1. e4 e6 2. d4 d5 3. exd5 exd5 4. Qf3 Nf6 5. h3 c6 6. Bd3 Be7 7. c3 O-O 8. Ne2 h6 9. g4 Re8 10. g5 hxg5 11. Bxg5 Ne4 12. Bxe7 Qxe7 13. Nd2 Nxd2 14. Kxd2 Nd7 15. Rae1 Qg5+ 16. Kc2 Nf6 17. Reg1 Qh6 18. Rg3 Ne4 19. Rg2 Bf5 20. Qxf5 Qd2+ 21. Kb1 Qxd3+ 22. Ka1 Qxe2 23. Rhg1 Ng3 24. Rxg3 Qe1+ 25. Qb1 Qxb1+ 26. Kxb1 g6 27. Re3 Rxe3 28. fxe3 Re8 29. Rg3 Kg7 30. Kc2 f5 31. Kd3 Kf6 32. Rg1 g5 33. b3 f4 34. exf4 gxf4 35. c4 Re3+ 36. Kd2 Rxh3 37. Rg8 Kf5 38. c5 Ke4 39. Rg7 Kxd4 40. Rxb7 Kxc5 41. Rxa7 Kd4 42. Rf7 Rh2+ 43. Ke1 Ke3 44. Re7+ Kf3 45. a4 Rb2 46. Rb7 c5 47. a5 c4 48. a6 c3 49. Rc7 Rb1# 0-1

[Event "December 12 Early 2023"]
[Site "https://www.chess.com"]
[Date "2023.12.12"]
[Round "3"]
[White "Janaszak, Dawid"]
[Black "Begunov, Konstantin"]
[Result "0-1"]
[Board "110"]
[TimeControl "180+1"]
[WhiteFideId "1119206"]
[BlackFideId "4118510"]
[WhiteElo "2614"]
[BlackElo "2422"]
[WhiteTeam "POL"]
[BlackTeam "RUS"]
[WhiteClock "0:01:14"]
[BlackClock "0:00:19"]

1. e4 c5 2. Nc3 a6 3. g3 Nc6 4. Bg2 g6 5. f4 Bg7 6. Nf3 d6 7. O-O Rb8 8. a4 b5 9. axb5 axb5 10. d3 Bg4 11. h3 Bxf3 12. Qxf3 Nd4 13. Qf2 b4 14. Nd1 b3 15. c3 Nc2 16. Rb1 Nf6 17. e5 Nd7 18. exd6 exd6 19. f5 O-O 20. Ne3 Ne5 21. f6 Bh6 22. Nxc2 Nxd3 23. Qe2 Nxc1 24. Rbxc1 Re8 25. Qd3 Bxc1 26. Rxc1 bxc2 27. Rxc2 Qxf6 28. Rf2 Re1+ 29. Bf1 Qe5 30. Qf3 f5 31. Kg2 Kg7 32. Re2 Rxe2+ 33. Bxe2 Re8 34. Kf2 Re7 35. Bd3 Qe1+ 36. Kg2 Qd2+ 37. Kg1 Re1+ 38. Bf1 Qe3+ 39. Qxe3 Rxe3 40. Kf2 Re8 41. b4 Kf6 42. b5 Ke5 43. Ke3 d5 44. c4 d4+ 45. Kf3 Ra8 46. g4 Ra3+ 47. Kg2 f4 48. Be2 Rb3 49. h4 d3 50. Bf3 Rb2+ 51. Kf1 Kd4 52. h5 Ke3 53. Bd1 Rb1 54. Ke1 d2+ 55. Kf1 Rxd1+ 56. Kg2 Rb1 57. b6 d1=Q 58. hxg6 Qf3+ 0-1

[Event "December 12 Early 2023"]
[Site "https://www.chess.com"]
[Date "2023.12.12"]
[Round "3"]
[White "Kim, Sergey"]
[Black "Latorre, Vincent"]
[Result "0-1"]
[Board "111"]
[TimeControl "180+1"]
[WhiteFideId "13700570"]
[BlackFideId "2636891"]
[WhiteElo "2610"]
[BlackElo "2422"]
[WhiteTeam "KAZ"]
[BlackTeam "CAN"]
[WhiteClock "0:00:58"]
[BlackClock "0:00:18"]

1. d4 Nf6 2. c4 g6 3. Nc3 Bg7 4. e4 d6 5. Nge2 O-O 6. Ng3 c5 7. d5 e6 8. Be2 exd5 9. cxd5 a6 10. a4 h5 11. Bg5 Qe8 12. Qd2 Nh7 13. Bh6 h4 14. Bxg7 Kxg7 15. Nf1 Nd7 16. Ne3 Rb8 17. O-O h3 18. g3 Nhf6 19. f3 Ne5 20. Ncd1 b5 21. axb5 axb5 22. Nf2 c4 23. Qd4 Ned7 24. f4 Qe7 25. Neg4 Re8 26. Bf3 Kg8 27. Ra7 Rb7 28. Rxb7 Bxb7 29. Nxf6+ Qxf6 30. Qb6 Nxb6 0-1

[Event "December 12 Early 2023"]
[Site "https://www.chess.com"]
[Date "2023.12.12"]
[Round "3"]
[White "Mendez Fortes, Eduardo Jesus"]
[Black "Rios Escobar, Adan"]
[Result "1-0"]
[Board "112"]
[TimeControl "180+1"]
[WhiteFideId "3502376"]
[BlackFideId "3403645"]
[WhiteElo "2609"]
[BlackElo "2421"]
[WhiteTeam "CUB"]
[BlackTeam "CHI"]
[WhiteClock "0:02:35"]
[BlackClock "0:00:26"]

1. e4 c6 2. d4 d5 3. e5 Bf5 4. Nf3 e6 5. Be2 Nd7 6. Nbd2 a5 7. a4 f6 8. Nb3 Ne7 9. O-O fxe5 10. dxe5 Bg6 11. Nfd4 Bf7 12. Bg4 Nxe5 13. Bxe6 Bxe6 14. Nxe6 Qd6 15. Ned4 O-O-O 16. Re1 N7g6 17. Nxa5 Be7 18. Nf5 Qc7 19. Nxe7+ Qxe7 20. Nb3 Qf6 21. Be3 Rhf8 22. Qh5 Ng4 23. Qxg4+ 1-0

[Event "December 12 Early 2023"]
[Site "https://www.chess.com"]
[Date "2023.12.12"]
[Round "3"]
[White "Sahin, Sarp"]
[Black "Sahib Singh"]
[Result "1-0"]
[Board "113"]
[TimeControl "180+1"]
[WhiteFideId "51605066"]
[BlackFideId "25618342"]
[WhiteElo "2420"]
[BlackElo "2609"]
[WhiteTeam "TUR"]
[BlackTeam "IND"]
[WhiteClock "0:01:19"]
[BlackClock "0:00:00"]

1. d4 d5 2. Bf4 Nf6 3. e3 e6 4. Nf3 c5 5. c3 Nc6 6. Nbd2 cxd4 7. exd4 Nh5 8. Bg5 f6 9. Bh4 g6 10. Bd3 Bd6 11. Bg3 Nxg3 12. hxg3 Kf7 13. Qb3 a6 14. O-O-O b5 15. Rde1 Bd7 16. Nh4 Na5 17. Qc2 Rg8 18. Nxg6 hxg6 19. Rh7+ Kf8 20. Bxg6 Be8 21. Bxe8 Qxe8 22. Reh1 Rc8 23. Rh8 Rc7 24. R1h6 Qf7 25. Nf3 f5 26. Ng5 Qe7 27. Nxe6+ 1-0

[Event "December 12 Early 2023"]
[Site "https://www.chess.com"]
[Date "2023.12.12"]
[Round "3"]
[White "Matthes, Aaron"]
[Black "Novikov, Evgenij"]
[Result "0-1"]
[Board "114"]
[TimeControl "180+1"]
[WhiteFideId "16227310"]
[BlackFideId "4125380"]
[WhiteElo "2419"]
[BlackElo "2605"]
[WhiteTeam "GER"]
[BlackTeam "RUS"]
[WhiteClock "0:00:23"]
[BlackClock "0:00:10"]

1. Nf3 d6 2. d4 g6 3. b3 Bg7 4. Bb2 c5 5. e3 Nc6 6. Nbd2 cxd4 7. Nxd4 Nf6 8. Nxc6 bxc6 9. Be2 O-O 10. O-O Qc7 11. c4 Rd8 12. Rc1 a5 13. Bf3 Rb8 14. Qe2 a4 15. Rfd1 axb3 16. axb3 c5 17. h4 h5 18. Ra1 Bb7 19. Ra3 Nd7 20. Bxg7 Kxg7 21. Rda1 Ne5 22. Bxb7 Rxb7 23. Ne4 Rdb8 24. Qb2 f6 25. Qc3 Qd7 26. f3 Qf5 27. Ra7 Qd7 28. Rxb7 Qxb7 29. Ra3 Qb4 30. Qxb4 Rxb4 31. Nc3 Rb7 32. Nb5 d5 33. Ra4 dxc4 34. bxc4 Nxc4 35. Nc3 Nxe3 36. Re4 Nf5 37. g4 Nxh4 38. gxh5 Nxf3+ 39. Kf2 Ne5 40. hxg6 Rb2+ 41. Kg3 Rb3 42. Re3 Kxg6 43. Kf4 Kf7 44. Ke4 Ke6 45. Rg3 Rb4+ 46. Ke3 Rb3 47. Ke4 f5+ 48. Kf4 Rb4+ 49. Kg5 Rg4+ 50. Rxg4 Nxg4 51. Kf4 c4 52. Ne2 Kf6 53. Nd4 e5+ 54. Kf3 exd4 55. Kf4 c3 56. Kf3 c2 57. Kf4 c1=N 58. Kf3 d3 59. Kf4 d2 60. Kf3 d1=N 61. Kf4 Ne5 62. Kg3 Nc3 63. Kf4 Nb3 64. Kg3 Nc5 65. Kf4 Nd5+ 66. Kg3 f4+ 67. Kf2 Kf5 68. Ke2 Ke4 69. Kf2 f3 70. Kf1 Ned3 71. Kg1 Ne3 72. Kh2 f2 73. Kh3 f1=N 74. Kh4 Ne5 75. Kh5 Nd2 76. Kh4 Ne6 77. Kh3 Kf3 78. Kh2 Ne4 79. Kh3 Ng6 80. Kh2 N6g5 81. Kh1 Kf2 82. Kh2 Ng4+ 83. Kh1 Ng3# 0-1

[Event "December 12 Early 2023"]
[Site "https://www.chess.com"]
[Date "2023.12.12"]
[Round "3"]
[White "Sari, Yasin"]
[Black "Banzea, Alexandru-Bogdan"]
[Result "0-1"]
[Board "115"]
[TimeControl "180+1"]
[WhiteFideId "6320902"]
[BlackFideId "1232622"]
[WhiteElo "2418"]
[BlackElo "2603"]
[WhiteTeam "TUR"]
[BlackTeam "ROU"]
[WhiteClock "0:00:01"]
[BlackClock "0:00:06"]

1. d4 Nf6 2. Bf4 g6 3. Nc3 d5 4. e3 Bg7 5. Be2 c6 6. h4 h5 7. Nf3 Qb6 8. Qd2 Qxb2 9. O-O Qb6 10. Rab1 Qd8 11. Ne5 Nbd7 12. Bd3 Nxe5 13. Bxe5 O-O 14. Ne2 Ng4 15. Bxg7 Kxg7 16. f3 Nh6 17. e4 dxe4 18. fxe4 Ng4 19. g3 e5 20. c3 c5 21. Bc4 cxd4 22. cxd4 exd4 23. Nxd4 Qc7 24. Qc3 Ne5 25. Nf3 Qxc4 26. Qxe5+ f6 27. Qf4 Rf7 28. Rfc1 Qe6 29. Nd4 Qg4 30. Qxg4 hxg4 31. Nb5 b6 32. Nd6 Rf8 33. Rc7+ Kg8 34. Rbc1 Be6 35. Re7 Bxa2 36. Rcc7 Rfd8 37. Rg7+ Kf8 38. Rh7 Rxd6 39. Rcg7 Rad8 40. Rxg6 Bf7 41. Rgg7 Rd1+ 42. Kf2 R1d7 43. Ke3 a5 44. Kf4 a4 45. e5 fxe5+ 46. Kg5 a3 47. Kf6 Rd6+ 48. Kg5 R8d7 49. h5 a2 50. h6 a1=Q 51. Rh8+ Ke7 52. Rxf7+ Kxf7 53. Rh7+ Ke6 0-1

[Event "December 12 Early 2023"]
[Site "https://www.chess.com"]
[Date "2023.12.12"]
[Round "3"]
[White "NikaVolkov"]
[Black "Ovezdurdyyeva, Jemal"]
[Result "1-0"]
[Board "116"]
[TimeControl "180+1"]
[BlackFideId "14001888"]
[WhiteElo "2602"]
[BlackElo "2417"]
[BlackTeam "TKM"]
[WhiteClock "0:02:25"]
[BlackClock "0:01:51"]

1. Nf3 Nf6 2. e3 g6 3. d4 Bg7 4. c4 O-O 5. Be2 b6 6. O-O Bb7 7. Nc3 e6 8. b3 c5 9. Bb2 d5 10. dxc5 bxc5 11. Rc1 Nc6 12. cxd5 exd5 13. Na4 c4 14. Nc5 Qb6 15. Bxf6 Bxf6 16. Nd7 Qd8 17. Nxf8 Qxf8 18. bxc4 dxc4 19. Bxc4 Na5 20. Bd5 Rd8 21. e4 Qe7 22. Qd3 Rd6 23. Rfd1 Ba6 24. Bxf7+ 1-0